 Dungeon Crawl Stone Soup version 0.16-a0-3465-g53c7d0b (webtiles) character file.

1589 PolkaDot the Caller (level 8, -5/65 HPs)
             Began as a Vampire Summoner on Dec 30, 2014.
             Was an Initiate of Sif Muna.
             Shot with an arrow by a centaur (11 damage)
             ... on level 9 of the Dungeon on Jan 2, 2015.
             The game lasted 00:29:32 (6384 turns).

PolkaDot the Caller (Vampire Summoner)              Turns: 6384, Time: 00:29:32

Health: -5/65      AC:  6    Str:  7    XL:     8   Next: 61%
Magic:  2/13       EV: 12    Int: 22    God:    Sif Muna [......]
Gold:   121        SH:  0    Dex: 14    Spells: 4 memorised, 1 level left

rFire  . . .     SeeInvis +     s - +0 trident (curse)
rCold  . . .     Clarity  .     c - +0 troll leather armour {Purgy}
rNeg   + . .     SustAb   .     (no shield)
rPois  .         Gourm    .     m - +2 hat
rElec  .         Spirit   .     (no cloak)
rCorr  .         Warding  .     (no gloves)
rMut   .         Stasis   .     (no boots)
MR     .....                    (no amulet)
Stlth  +++.......               r - +3 ring of intelligence
                                l - ring of stealth

@: not resistant to hostile enchantments, fairly stealthy
A: bottle blood, fangs 3, see invisible, unbreathing
a: Bat Form, Renounce Religion


You were on level 9 of the Dungeon.
You worshipped Sif Muna.
Sif Muna was noncommittal.
You were not thirsty.

You visited 2 branches of the dungeon, and saw 10 of its levels.
You also visited: Sewer.

You collected 121 gold pieces.

Inventory:

Hand weapons
 s - a cursed +0 trident (weapon)
Armour
 c - a +0 troll leather armour (worn) {Purgy}
 m - a +2 hat (worn)
Jewellery
 l - a ring of stealth (left hand)
 r - a +3 ring of intelligence (right hand)
Scrolls
 d - 3 scrolls of remove curse
 e - a scroll of identify
 f - 2 scrolls of random uselessness
 o - a scroll of noise {unknown}
 p - 3 scrolls of teleportation {unknown}
 t - 3 scrolls of enchant weapon {unknown}
Potions
 a - a potion of flight
 i - 23 potions of blood {@*1}
 j - 2 potions of restore abilities
Books
 b - a book of Callings

   Spells                             Type                      Level
   a - Summon Small Mammal            Summoning                    1
   b - Call Imp                       Summoning                    2
   c - Call Canine Familiar           Summoning                    3
   d - Summon Guardian Golem          Hexes/Summoning              4
   e - Summon Lightning Spire         Summoning/Air                4
   f - Summon Ice Beast               Ice/Summoning                4


   Skills:
 - Level 6.7 Fighting
 * Level 4.0 Armour
 - Level 2.1 Dodging
 - Level 3.0 Stealth
 - Level 2.0 Spellcasting
 + Level 7.3 Summonings


You had one spell level left.
You knew the following spells:

 Your Spells              Type           Power        Failure   Level  Hunger
d - Call Canine Familiar  Summ           ####....     1%          3    ###....
i - Summon Ice Beast      Ice/Summ       ###.....     34%         4    #####..
s - Call Imp              Summ           ####....     1%          2    ##.....
z - Summon Small Mammal   Summ           ####         1%          1    #......


Dungeon Overview and Level Annotations

Branches:
Dungeon (9/15)             Temple (1/1) D:6            Lair (0/8) D:9
    Orc: D:9-12

Altars:
Ashenzari
Cheibriados
Dithmenos
Elyvilon
Fedhas
Gozag
Kikubaaqudgha
Makhleb
Nemelex Xobeh
Okawaru
Qazlal
Ru
Sif Muna
Trog
Vehumet
Xom
Yredelemnul
Zin
The Shining One
Lugonu

Shops:
D:4 }   D:5 [

Annotations:
D:5 Menkaure
D:7 Sigmund


Innate Abilities, Weirdness & Mutations

You can bottle blood from corpses.
You have razor-sharp teeth.
You have supernaturally acute eyesight.
You can survive without breathing.


Message History

Aim: a yak (heavily wounded)
You reach to attack!
You barely miss the yak.
The yak is heavily wounded.
The yak gores your hound.
Your hound barely misses the yak.
The yak gores your hound.
Your hound bites the yak.
The yak barely misses your hound.
Your hound bites the yak.
Attack whom?
Press: ? - help, Dir - move target cursor, f/p - yak
Aim: a yak (severely wounded)
You reach to attack!
You closely miss the yak.
The yak is severely wounded.
Your hound bites the yak but does no damage.
The yak gores your hound.
A centaur comes into view.
The centaur shouts!
The centaur wields a shortbow.
The centaur shoots an arrow.
The arrow hits you!
* * * LOW HITPOINT WARNING * * *
The centaur shoots an arrow.
The arrow hits you!
You die...

.....# ###..........# **,,,
...#######............### **,,,*
..#.......#.............###*,,,,*
....#...#...................,,,,,
...##...##.................,,,*,,
.#..PPPP...#................<****
.#...P>....#..........####.,** *
.#..PPPP...#.#.........# **,,* **
...##.P.##....#.@YhY...# *,#** *,
,..,#...#.........##...##*##8**##
,,#.......#......####...###...##.
,,,#######.[......* ##...#_,#..'.
**,,,**,,..#......# #...##...##.
**,,***,,,,##.....# #....##8*#..
,,,,***,,,**#.....#* ##....#####'
,,,***,,,,**#......* ##..........
,,,***,,***,,,,c...###...........


You could see 2 yaks, a centaur and a friendly hound.

Vanquished Creatures
  2 wandering mushrooms (D:9)
  A yak (D:9)
  A centaur (D:7)
  A scorpion (D:7)
  A centaur zombie (D:7)
  2 hounds
  2 centaur skeletons
  An orc priest (D:8)
  4 orc wizards (D:8)
  2 worker ants
  A mummy (D:9)
  5 adders
  A giant mite (D:6)
  3 giant geckos
  An ooze (D:2)
  8 orcs
  5 ball pythons
  5 bats
  8 goblins
  13 hobgoblins
  8 kobolds
  A quokka (D:7)
  2 giant cockroaches
  9 giant newts
  2 kobold zombies (D:7)
  2 orc zombies (D:7)
  7 rats
98 creatures vanquished.

Vanquished Creatures (collateral kills)
  Purgy (Sewer)
  4 ogres
  A centaur (D:5)
  A giant frog (D:7)
  2 orc priests
  A worker ant (D:4)
  An orc wizard (D:4)
  6 adders
  4 giant mites (D:4)
  A worm (D:3)
  2 giant geckos
  11 orcs
  A hobgoblin (D:1)
  2 kobolds (D:1)
  3 giant cockroaches (D:4)
  2 giant newts
  3 goblins
  2 jackals
  2 rats (D:1)
50 creatures vanquished.

Vanquished Creatures (others)
  3 crimson imps (D:9)
  6 hounds
  2 shadow imps
  4 white imps
  2 bats
  2 quokkas
  4 rats (D:1)
  A fungus (D:9)
24 creatures vanquished.

Grand Total: 172 creatures vanquished

Notes
Turn   | Place    | Note
--------------------------------------------------------------
     0 | D:1      | PolkaDot, the Vampire Summoner, began the quest for the Orb.
     0 | D:1      | Reached XP level 1. HP: 13/13 MP: 3/3
     0 | D:1      | Upgraded the game from 0.16-a0-3389-g45633df to 0.16-a0-3465-g53c7d0b
   206 | D:1      | Reached skill level 1 in Fighting
   521 | D:1      | Reached XP level 2. HP: 11/21 MP: 1/4
   752 | D:1      | Learned a level 2 spell: Call Imp
  1291 | D:1      | Reached XP level 3. HP: 23/27 MP: 6/6
  1337 | D:1      | Learned a level 3 spell: Call Canine Familiar
  1370 | D:2      | Found a snail-covered altar of Cheibriados.
  2566 | D:3      | Reached XP level 4. HP: 12/34 MP: 1/7
  3509 | D:3      | Reached XP level 5. HP: 39/41 MP: 9/9
  3906 | D:4      | Found Shratamn's Gadget Boutique.
  3958 | D:4      | Noticed an ogre
  3972 | D:4      | Killed an ogre
  3972 | D:4      | Reached skill level 5 in Summonings
  4114 | D:4      | Found a glowing drain.
  4195 | Sewer    | Entered a sewer
  4199 | Sewer    | Reached XP level 6. HP: 47/49 MP: 3/10
  4346 | Sewer    | Noticed Purgy
  4391 | Sewer    | Killed Purgy
  4874 | D:4      | Found a shadowy altar of Dithmenos.
  4874 | D:4      | Found a stormy altar of Qazlal.
  4874 | D:4      | Found a snail-covered altar of Cheibriados.
  4875 | D:4      | Found a shattered altar of Ashenzari.
  4878 | D:4      | Found a radiant altar of Vehumet.
  4967 | D:5      | Entered Level 5 of the Dungeon
  4967 | D:5      | Noticed Menkaure
  4980 | D:5      | You fall through a shaft for 2 floors!
  5037 | D:6      | Found a staircase to the Ecumenical Temple.
  5048 | Temple   | Entered the Ecumenical Temple
  5204 | D:6      | Reached skill level 5 in Fighting
  5229 | D:6      | Found an iron altar of Okawaru.
  5265 | D:5      | Reached XP level 7. HP: 42/56 MP: 3/12
  5283 | D:5      | Found Wiyrr's Armour Boutique.
  5337 | D:5      | Found a glowing silver altar of Zin.
  5459 | D:7      | Found a basalt altar of Yredelemnul.
  5534 | D:7      | Found a shimmering altar of Xom.
  5535 | D:7      | Found a shimmering altar of Xom.
  5535 | D:7      | Found a shimmering altar of Xom.
  5546 | D:7      | Reached skill level 6 in Fighting
  5547 | D:7      | Found a shimmering altar of Xom.
  5592 | D:7      | Noticed Sigmund
  5758 | D:6      | Learned a level 4 spell: Summon Ice Beast
  6022 | D:8      | Found a glowing silver altar of Zin.
  6068 | D:8      | Reached skill level 1 in Armour
  6068 | D:8      | Reached XP level 8. HP: 61/65 MP: 9/13
  6114 | D:8      | Found a glowing silver altar of Zin.
  6114 | D:8      | Found a glowing golden altar of the Shining One.
  6114 | D:8      | Found a white marble altar of Elyvilon.
  6174 | D:9      | Found a sparkling altar of Nemelex Xobeh.
  6198 | D:9      | Noticed a wandering mushroom
  6200 | D:9      | Found a staircase to the Lair.
  6200 | D:9      | Noticed a wandering mushroom
  6212 | D:9      | Killed a wandering mushroom
  6237 | D:9      | Killed a wandering mushroom
  6237 | D:9      | Reached skill level 7 in Summonings
  6279 | D:9      | Found a deep blue altar of Sif Muna.
  6283 | D:9      | Became a worshipper of Sif Muna the Loreminder
  6384 | D:9      | Shot with an arrow by a centaur

Action                   |  1- 3 |  4- 6 |  7- 9 || total
-------------------------+-------+-------+-------++-------
Melee: Unarmed           |    16 |       |       ||    16
       Short sword       |    98 |   136 |       ||   234
       Trident           |       |    39 |   204 ||   243
 Cast: Summon Small Mamm |    18 |     1 |       ||    19
       Call Imp          |    13 |    30 |    10 ||    53
       Call Canine Famil |       |     9 |     7 ||    16
 Abil: End Transformatio |       |     1 |       ||     1
       Bat Form          |       |     1 |       ||     1
  Use: Potion            |     1 |    21 |     6 ||    28
       Scroll            |       |     9 |     3 ||    12
 Stab: Sleeping          |     7 |     7 |     7 ||    21
       Distracted        |       |     2 |     2 ||     4
  Eat: Corpse            |     5 |       |       ||     5
